 Dungeon Crawl Stone Soup version 0.22-a0-448-g1fb7470 (webtiles) character file.

307 galech the Skirmisher (level 6, -2/67 HPs)
             Began as an Ogre Berserker on June 4, 2018.
             Was a Believer of Trog.
             Slain by an orc priest
             ... wielding a +0 mace
              (4 damage)
             ... on level 2 of the Dungeon.
             The game lasted 00:02:54 (2280 turns).

galech the Skirmisher (Ogre Berserker)              Turns: 2280, Time: 00:02:55

Health: -2/67      AC:  3    Str: 24    XL:     6   Next: 40%
Magic:  6/6        EV: 11    Int:  8    God:    Trog [**....]
Gold:   97         SH:  0    Dex:  8    Spells: 5/5 levels left

rFire    . . .     SeeInvis +   a - +0 mace
rCold    . . .     Gourm    .   (no shield)
rNeg     . . .     Faith    .   b - +0 animal skin
rPois    .         Spirit   .   (helmet restricted)
rElec    .         Reflect  .   (no cloak)
rCorr    .         Harm     .   (gloves unavailable)
MR       ++...                  (boots unavailable)
Stlth    +.........             (no amulet)
HPRegen  1.21/turn              l - ring of see invisible
MPRegen  0.10/turn              (no ring)

@: lethally poisoned (-2 -> -2), berserk cooldown, starving, regenerating,
slowed, very slow
A: large, unfitting armour, tough skin 1
a: Berserk, Trog's Hand, Renounce Religion


You were on level 2 of the Dungeon.
You worshipped Trog.
Trog was pleased with you.
You were starving.

You visited 1 branch of the dungeon, and saw 3 of its levels.

You collected 97 gold pieces.

Inventory:

Hand Weapons
 a - a +0 mace (weapon)
Armour
 b - a +0 animal skin (worn)
Jewellery
 l - a ring of see invisible (left hand)
 n - an uncursed amulet of rage {unknown}
Scrolls
 e - 4 scrolls of remove curse {unknown}
 f - 2 scrolls of noise {unknown}
 g - a scroll of fear {unknown}
 i - 3 scrolls of identify {unknown}
 j - a scroll of magic mapping {unknown}
 k - a scroll of enchant armour {unknown}
 m - a scroll of fog {unknown}
 p - a scroll of teleportation {unknown}
Potions
 h - a potion of brilliance {unknown}
 o - a potion of magic {unknown}
Comestibles
 c - 4 rations


   Skills:
 + Level 5.8 Fighting
 + Level 4.7 Maces & Flails
 + Level 3.9 Dodging
 + Level 0.3 Stealth


You had 5 spell levels left.
You didn't know any spells.
Your spell library was empty.

Dungeon Overview and Level Annotations

Branches:
Dungeon (3/15)

Altars:


Innate Abilities, Weirdness & Mutations

You are too large for most types of armour.
You have tough skin. (AC +1)


Message History

The orc priest looks satisfied for a moment.
You hit the orc priest.
The orc priest is moderately wounded.
You feel sick. The orc priest hits you with a mace.
* * * LOW HITPOINT WARNING * * *
The orc priest hits you but does no damage.
You hit the orc priest but do no damage.
The orc priest is moderately wounded.
You feel sick. The orc priest hits you with a mace!
* * * LOW HITPOINT WARNING * * *
You hit the orc priest.
The orc priest is heavily wounded.
You are starving!
You feel sick. The orc priest closely misses you.
The orc priest hits you with a mace!
* * * LOW HITPOINT WARNING * * *
You hit the orc priest but do no damage.
The orc priest is heavily wounded.
You feel sick. The orc priest hits you with a mace.
You die...

#.# #.########## ########.#
#...........
#........#################
##'#######.................
#......# #.################
#......# #.################
#......# #...............).
#......# #.################
#......###@o...............
##.......#####.....########
###)....#####[....########
#.........+.............
####....#####)....########
#..........##.....# #
#.####)....######## #####
#######.####.....# #....
#.........##.....# #....


You could see an orc priest.

Vanquished Creatures
  The ghost of galech the Skirmisher, an amateur OgBe of Trog (D:3)
  2 orc wizards (D:3)
  2 adders
  A worm (D:2)
  A dart slug (D:1)
  3 leopard geckos
  5 orcs (D:3)
  3 giant cockroaches
  7 goblins
  6 hobgoblins
  3 jackals (D:2)
  8 kobolds
  3 quokkas
  4 bats
  4 frilled lizards
  9 rats
62 creatures vanquished.

Notes
Turn   | Place    | Note
-------+----------+-------------------------------------------
     0 | D:1      | galech the Ogre Berserker began the quest for the Orb.
     0 | D:1      | Reached XP level 1. HP: 24/24 MP: 1/1
   182 | D:1      | Reached XP level 2. HP: 32/32 MP: 2/2
   344 | D:1      | Reached XP level 3. HP: 24/40 MP: 3/3
   361 | D:1      | Reached ** piety under Trog
  1238 | D:2      | Reached XP level 4. HP: 48/49 MP: 4/4
  1652 | D:3      | Noticed galech's ghost (amateur OgBe)
  1669 | D:3      | Killed galech's ghost
  1669 | D:3      | Reached skill level 5 in Fighting
  1669 | D:3      | Reached XP level 5. HP: 19/57 MP: 5/5
  1669 | D:3      | Reached XP level 6. HP: 22/66 MP: 6/6
  2279 | D:2      | HP: 1/67 [orc priest/mace (8)]
  2280 | D:2      | Slain by an orc priest

Vault maps used:
D:1:      ncdulo_smallfort
D:2:      minivault_4
D:3:      marbit_many_paths, first_ration

Skill      XL: |  1  2  3  4 |
---------------+-------------+-----
Maces & Flails | 3 4 |  4.7
Dodging        | 3 |  3.9
Fighting       | 5 |  5.8
Stealth        | |  0.3

Action                   |  1- 3 |  4- 6 || total
-------------------------+-------+-------++-------
Melee: Mace              |   109 |    77 ||   186
Invok: Berserk           |     1 |     3 ||     4
       Trog's Hand       |       |     2 ||     2
  Eat: Chunk             |     2 |     5 ||     7
Armor: Animal skin       |    27 |    16 ||    43
Dodge: Dodged            |    74 |    71 ||   145

Table legend:
 A = Spawn XP
 B = Non-spawn XP
 C = Spawn XP percentage of total XP
 D = Spawn monster count
 E = Non-spawn monster count
 F = Spawn count percentage of total count
 G = Total turns spent on level
                    A         B        C        D         E        F      G
               +---------+---------+-------+---------+---------+-------+---------
         Total |       0 |     439 |   0.0 |       0 |      62 |   0.0 |  2280
               +---------+---------+-------+---------+---------+-------+---------
           D:1 |       0 |      47 |   0.0 |       0 |      27 |   0.0 |   589
           D:2 |       0 |      45 |   0.0 |       0 |      17 |   0.0 |  1098
           D:3 |       0 |     347 |   0.0 |       0 |      18 |   0.0 |   593
               +---------+---------+-------+---------+---------+-------+---------
